TOP OF THE 1ST |
Portland Sea Dogs batting - Pitching for Montgomery Biscuits : RHP Cheng-ho Hsu
|
Pitching: RHP Cheng-ho Hsu
|
|
Batting: RHB John Chiesa
|
0-0: Foul Ball, location: 2F 0-1: Ball 1-1: Ball 2-1: TRIPLE (Flyball, 78XD, EV 102.5 MPH)
|
Batting: RHB Manny Jurado
|
0-0: Ball 1-0: Called Strike 1-1: Foul Ball, location: 2F 1-2: Ball 2-2: Foul Ball, location: 2F 2-2: Ground out 4-3 (Groundball, 4D, EV 75.6 MPH) John Chiesa scores
|
Batting: LHB Julian Toney
|
0-0: Called Strike 0-1: Ball 1-1: Foul Ball, location: 2F 1-2: Strikes out swinging
|
Batting: RHB Carlos Nolasco
|
0-0: Called Strike 0-1: Ball 1-1: Foul Ball, location: 2F 1-2: Foul Ball, location: 2F 1-2: Ball 2-2: Strikes out swinging
|
Top of the 1st over - 1 run, 1 hit, 0 errors, 0 left on base; Portland 1 - Montgomery 0 |
BOTTOM OF THE 1ST |
Montgomery Biscuits batting - Pitching for Portland Sea Dogs : RHP Chris Cory
|
Pitching: RHP Chris Cory
|
|
Batting: LHB Hyoji Toda
|
0-0: Ball 1-0: Ball 2-0: SINGLE (Groundball, 25, EV 83.8 MPH) (infield hit)
|
Batting: LHB Jake Rheaume
|
0-0: Ball 1-0: Ball 2-0: Called Strike 2-1: Swinging Strike 2-2: 2-RUN HOME RUN (Flyball, 78XD, EV 100.6 MPH), Distance : 390 ft
|
Batting: SHB Brett McEwen
|
0-0: Swinging Strike 0-1: Ball 1-1: Ball 2-1: Ground out 4-3 (Groundball, 4, EV 91.9 MPH)
|
Batting: RHB Kevin Benfield
|
0-0: Swinging Strike 0-1: Foul Ball, location: 2F 0-2: Fly out, F7 (Flyball, 7LM, EV 95.6 MPH)
|
Batting: RHB Paul Landes
|
0-0: Called Strike 0-1: Ball 1-1: SINGLE (Line Drive, 78M, EV 86.9 MPH)
|
Batting: RHB Pat Bernier
|
0-0: Called Strike 0-1: Ball 1-1: Called Strike 1-2: Foul Ball, location: 2F 1-2: Ground out 4-3 (Groundball, 4MS, EV 88.1 MPH)
|
Bottom of the 1st over - 2 runs, 3 hits, 0 errors, 1 left on base; Portland 1 - Montgomery 2 |
TOP OF THE 2ND |
Portland Sea Dogs batting - Pitching for Montgomery Biscuits : RHP Cheng-ho Hsu
|
Batting: LHB Mike Jones
|
0-0: Foul Ball, location: 2F 0-1: Ball 1-1: Swinging Strike 1-2: Strikes out swinging
|
Batting: RHB Guillermo Quintero
|
0-0: Ball 1-0: Swinging Strike 1-1: Called Strike 1-2: Strikes out swinging, 2-3 out at first.
|
Batting: RHB Adugna Chandu
|
0-0: Ball 1-0: Fly out, F8 (Flyball, 8LD, EV 92.5 MPH)
|
Top of the 2nd over - 0 runs, 0 hits, 0 errors, 0 left on base; Portland 1 - Montgomery 2 |
BOTTOM OF THE 2ND |
Montgomery Biscuits batting - Pitching for Portland Sea Dogs : RHP Chris Cory
|
Batting: LHB Brian Hollinger
|
0-0: Ball 1-0: Ground out 4-3 (Groundball, 34, EV 89.4 MPH)
|
Batting: RHB Jose Herrera
|
0-0: Fly out, F2 (Popup, 15S, EV 80.0 MPH)
|
Batting: RHB Dusty Camelli
|
0-0: Ball 1-0: SINGLE (Flyball, 78S, EV 88.1 MPH)
|
Batting: LHB Hyoji Toda
|
0-0: Fly out, F9 (Flyball, 9LS, EV 98.1 MPH)
|
Bottom of the 2nd over - 0 runs, 1 hit, 0 errors, 1 left on base; Portland 1 - Montgomery 2 |
TOP OF THE 3RD |
Portland Sea Dogs batting - Pitching for Montgomery Biscuits : RHP Cheng-ho Hsu
|
Batting: RHB Joe Evrard
|
0-0: Fly out, F4 (Popup, 4M, EV 61.2 MPH)
|
Batting: RHB Pat Bulger
|
0-0: Ball 1-0: Swinging Strike 1-1: Swinging Strike 1-2: Strikes out swinging
|
Batting: RHB John Chiesa
|
0-0: Called Strike 0-1: Ball 1-1: Ball 2-1: Ball 3-1: Base on Balls
|
Batting: RHB Manny Jurado
|
0-0: Ball John Chiesa steals 2nd base 1-0: Swinging Strike 1-1: Foul Ball, location: 2F 1-2: Strikes out looking
|
Top of the 3rd over - 0 runs, 0 hits, 0 errors, 1 left on base; Portland 1 - Montgomery 2 |
BOTTOM OF THE 3RD |
Montgomery Biscuits batting - Pitching for Portland Sea Dogs : RHP Chris Cory
|
Batting: LHB Jake Rheaume
|
0-0: Ball 1-0: Called Strike 1-1: Swinging Strike 1-2: Ball 2-2: Ground out U3 (Groundball, 34, EV 78.1 MPH)
|
Batting: SHB Brett McEwen
|
0-0: Ball 1-0: Ball 2-0: Ball 3-0: Called Strike 3-1: SINGLE (Groundball, 4MD, EV 97.5 MPH)
|
Batting: RHB Kevin Benfield
|
0-0: Called Strike 0-1: Fly out, F7 (Flyball, 7LS, EV 94.4 MPH)
|
Batting: RHB Paul Landes
|
0-0: Ball 1-0: Ball 2-0: Ball 3-0: Called Strike 3-1: Base on Balls Brett McEwen to second
|
Batting: RHB Pat Bernier
|
0-0: Ball 1-0: Ground out 5-3 (Groundball, 56S, EV 91.2 MPH)
|
Bottom of the 3rd over - 0 runs, 1 hit, 0 errors, 2 left on base; Portland 1 - Montgomery 2 |
TOP OF THE 4TH |
Portland Sea Dogs batting - Pitching for Montgomery Biscuits : RHP Cheng-ho Hsu
|
Batting: LHB Julian Toney
|
0-0: Ball 1-0: Called Strike 1-1: Foul Ball, location: 2F 1-2: Ball 2-2: Ball 3-2: SINGLE (Line Drive, 34D, EV 95.0 MPH)
|
Batting: RHB Carlos Nolasco
|
0-0: Called Strike 0-1: Ball 1-1: Foul Ball, location: 2F 1-2: Fly out, F3 (Popup, 3SF, EV 78.8 MPH)
|
Batting: LHB Mike Jones
|
0-0: Called Strike Julian Toney steals 2nd base 0-1: 2-RUN HOME RUN (Flyball, 9D, EV 98.1 MPH), Distance : 361 ft
|
Batting: RHB Guillermo Quintero
|
0-0: Ball 1-0: Called Strike 1-1: SINGLE (Groundball, 34D, EV 108.1 MPH)
|
Batting: RHB Adugna Chandu
|
0-0: Called Strike Guillermo Quintero steals 2nd base 0-1: Swinging Strike 0-2: Ball 1-2: Foul Ball, location: 2F 1-2: Strikes out swinging
|
Batting: RHB Joe Evrard
|
0-0: Ball 1-0: Foul Ball, location: 2F 1-1: Foul Ball, location: 2F 1-2: DOUBLE (Line Drive, 5D, EV 100.0 MPH) Guillermo Quintero scores
|
Batting: RHB Pat Bulger
|
0-0: Foul Ball, location: 2F 0-1: Foul Ball, location: 2F 0-2: Foul Ball, location: 2F 0-2: Foul Ball, location: 2F 0-2: Ball 1-2: Ball 2-2: Ball 3-2: SINGLE (Groundball, 34D, EV 104.4 MPH) Joe Evrard to third Runner from 3rd tries for Home, SAFE, throw by RF to home
|
Pitching: LHP Chris Polite
|
|
Batting: RHB John Chiesa
|
0-0: Called Strike 0-1: Ball 1-1: SINGLE (Line Drive, 89S, EV 96.2 MPH) Pat Bulger to second
|
Batting: RHB Manny Jurado
|
0-0: Ball 1-0: Fielders Choice at 2nd, 5-4 (Groundball, 5L, EV 84.4 MPH)
|
Top of the 4th over - 4 runs, 6 hits, 0 errors, 2 left on base; Portland 5 - Montgomery 2 |
BOTTOM OF THE 4TH |
Montgomery Biscuits batting - Pitching for Portland Sea Dogs : RHP Chris Cory
|
Batting: LHB Brian Hollinger
|
0-0: Foul Ball, location: 2F 0-1: Called Strike 0-2: Foul Ball, location: 2F 0-2: Ball 1-2: Strikes out swinging
|
Batting: RHB Jose Herrera
|
0-0: Called Strike 0-1: Ground out 3-1 (Groundball, 34, EV 86.2 MPH)
|
Batting: RHB Dusty Camelli
|
0-0: Ball 1-0: Foul Ball, location: 2F 1-1: Ground out 6-3 (Groundball, 6, EV 83.8 MPH)
|
Bottom of the 4th over - 0 runs, 0 hits, 0 errors, 0 left on base; Portland 5 - Montgomery 2 |
TOP OF THE 5TH |
Portland Sea Dogs batting - Pitching for Montgomery Biscuits : LHP Chris Polite
|
Batting: LHB Julian Toney
|
0-0: Swinging Strike 0-1: Swinging Strike 0-2: Ball 1-2: Foul Ball, location: 2F 1-2: Ball 2-2: Ball 3-2: Strikes out looking
|
Batting: RHB Carlos Nolasco
|
0-0: Called Strike 0-1: Ball 1-1: Foul Ball, location: 2F 1-2: DOUBLE (Groundball, 5L, EV 104.4 MPH)
|
Batting: LHB Mike Jones
|
0-0: Ground out 1-3 (Groundball, 34S, EV 72.5 MPH) Carlos Nolasco to third
|
Batting: RHB Guillermo Quintero
|
0-0: Ball 1-0: Called Strike 1-1: SINGLE (Groundball, 25, EV 64.4 MPH) (infield hit) Carlos Nolasco scores
|
Batting: RHB Adugna Chandu
|
0-0: Ball 1-0: Ball 2-0: Called Strike 2-1: Ball 3-1: Base on Balls Guillermo Quintero to second
|
Batting: RHB Joe Evrard
|
0-0: Ball 1-0: Ball 2-0: Fly out, F8 (Flyball, 8RD, EV 87.5 MPH)
|
Top of the 5th over - 1 run, 2 hits, 0 errors, 2 left on base; Portland 6 - Montgomery 2 |
BOTTOM OF THE 5TH |
Montgomery Biscuits batting - Pitching for Portland Sea Dogs : RHP Chris Cory
|
Batting: LHB Hyoji Toda
|
0-0: Ground out 5-3 (Groundball, 6, EV 106.9 MPH)
|
Batting: LHB Jake Rheaume
|
0-0: Ball 1-0: Ball 2-0: Foul Ball, location: 2F 2-1: Ball 3-1: Base on Balls
|
Batting: SHB Brett McEwen
|
0-0: Called Strike Jake Rheaume steals 2nd base 0-1: Swinging Strike 0-2: Ball 1-2: Ball 2-2: Ball 3-2: Ground out U3 (Groundball, 3, EV 101.2 MPH) Jake Rheaume to third
|
Batting: RHB Kevin Benfield
|
0-0: Called Strike 0-1: Ball 1-1: Foul Ball, location: 2F 1-2: Hit by Pitch
|
Batting: RHB Paul Landes
|
0-0: Ball 1-0: Called Strike 1-1: Ball 2-1: Ball 3-1: Base on Balls Kevin Benfield to second
|
Batting: RHB Pat Bernier
|
0-0: SINGLE (Groundball, 25, EV 71.9 MPH) (infield hit) Jake Rheaume scores Kevin Benfield to third Paul Landes to second
|
Batting: LHB Brian Hollinger
|
0-0: Foul Ball, location: 2F 0-1: Fielders Choice at 2nd, U4 (Groundball, 4M, EV 89.4 MPH)
|
Bottom of the 5th over - 1 run, 1 hit, 0 errors, 3 left on base; Portland 6 - Montgomery 3 |
TOP OF THE 6TH |
Portland Sea Dogs batting - Pitching for Montgomery Biscuits : LHP Chris Polite
|
Batting: RHB Pat Bulger
|
0-0: Ground out 6-3 (Groundball, 6, EV 105.0 MPH)
|
Batting: RHB John Chiesa
|
0-0: Ball 1-0: Ball 2-0: DOUBLE (Line Drive, 78M, EV 102.5 MPH)
|
Batting: RHB Manny Jurado
|
0-0: Called Strike 0-1: Fly out, F9 (Flyball, 9LM, EV 107.5 MPH)
|
Batting: LHB Julian Toney
|
0-0: Ball 1-0: Ball 2-0: Swinging Strike 2-1: DOUBLE (Line Drive, 7LS, EV 98.1 MPH) John Chiesa scores
|
Batting: RHB Carlos Nolasco
|
0-0: Ground out 5-3 (Groundball, 5L, EV 83.1 MPH)
|
Top of the 6th over - 1 run, 2 hits, 0 errors, 1 left on base; Portland 7 - Montgomery 3 |
BOTTOM OF THE 6TH |
Montgomery Biscuits batting - Pitching for Portland Sea Dogs : RHP Chris Cory
|
Batting: RHB Jose Herrera
|
0-0: Called Strike 0-1: Ball 1-1: Swinging Strike 1-2: Ground out U3 (Groundball, 23, EV 76.9 MPH)
|
Batting: RHB Dusty Camelli
|
0-0: Called Strike 0-1: Ball 1-1: Foul Ball, location: 2F 1-2: Foul Ball, location: 2F 1-2: Ball 2-2: Strikes out swinging
|
Batting: LHB Hyoji Toda
|
0-0: Ball 1-0: Ball 2-0: Foul Ball, location: 2F 2-1: Swinging Strike 2-2: Foul Ball, location: 2F 2-2: Ball 3-2: Hit by Pitch
|
Pitching: RHP Efrain Nunez
|
|
Batting: LHB Jake Rheaume
|
0-0: Ball 1-0: Ball 2-0: Called Strike 2-1: Foul Ball, location: 2F 2-2: TRIPLE (Line Drive, 78XD, EV 101.9 MPH) Hyoji Toda scores
|
Batting: SHB Brett McEwen
|
0-0: Called Strike 0-1: Swinging Strike 0-2: Foul Ball, location: 2F 0-2: Strikes out swinging
|
Bottom of the 6th over - 1 run, 1 hit, 0 errors, 1 left on base; Portland 7 - Montgomery 4 |
TOP OF THE 7TH |
Portland Sea Dogs batting - Pitching for Montgomery Biscuits : LHP Chris Polite
|
Pitching: RHP Miguel Romero
|
|
Batting: LHB Mike Jones
|
0-0: Called Strike 0-1: Ball 1-1: Called Strike 1-2: Foul Ball, location: 2F 1-2: Foul Ball, location: 2F 1-2: Ball 2-2: Foul Ball, location: 2F 2-2: Ground out 5-3 (Groundball, 56, EV 102.5 MPH)
|
Batting: RHB Guillermo Quintero
|
0-0: Ball 1-0: Fly out, F8 (Line Drive, 78M, EV 106.2 MPH)
|
Batting: RHB Adugna Chandu
|
0-0: Swinging Strike 0-1: Ball 1-1: Ground out 5-3 (Groundball, 56S, EV 91.2 MPH)
|
Top of the 7th over - 0 runs, 0 hits, 0 errors, 0 left on base; Portland 7 - Montgomery 4 |
BOTTOM OF THE 7TH |
Montgomery Biscuits batting - Pitching for Portland Sea Dogs : RHP Efrain Nunez
|
Batting: RHB Kevin Benfield
|
0-0: Ball 1-0: Called Strike 1-1: Ball 2-1: Ball 3-1: Called Strike 3-2: Base on Balls
|
Batting: RHB Paul Landes
|
0-0: Called Strike 0-1: Ball 1-1: Ball 2-1: DOUBLE (Line Drive, 7LM, EV 101.9 MPH) Kevin Benfield to third
|
Pinch Hitting: SHB Ben Pierce
|
0-0: Ball 1-0: Called Strike 1-1: Ball 2-1: Foul Ball, location: 2F 2-2: Ball 3-2: Strikes out swinging
|
Batting: LHB Brian Hollinger
|
0-0: Swinging Strike 0-1: Ball 1-1: Ball 2-1: DOUBLE (Line Drive, 8LD, EV 107.5 MPH) Kevin Benfield scores Paul Landes scores
|
Pinch Hitting: RHB Dermott Kennelly
|
0-0: Called Strike 0-1: DOUBLE (Groundball, 5L, EV 103.8 MPH) Brian Hollinger scores
|
Pitching: LHP Taylor Sightler
|
|
Batting: RHB Dusty Camelli
|
0-0: Ball 1-0: Ball 2-0: Ground out U3 (Groundball, 3, EV 104.4 MPH) Dermott Kennelly to third
|
Pinch Hitting: RHB Tony Garcia
|
0-0: Called Strike 0-1: Ball 1-1: Ball 2-1: Called Strike 2-2: Fly out, F3 (Popup, 34S, EV 70.0 MPH)
|
Bottom of the 7th over - 3 runs, 3 hits, 0 errors, 1 left on base; Portland 7 - Montgomery 7 |
TOP OF THE 8TH |
Portland Sea Dogs batting - Pitching for Montgomery Biscuits : RHP Miguel Romero
|
Now at 1B: Ben Pierce
|
|
Now at 2B: Tony Garcia
|
|
Now at 3B: Paul Landes
|
|
Now in RF: Dan Marks
|
|
Pinch Hitting: LHB Blake Sams
|
0-0: Swinging Strike 0-1: Foul Ball, location: 2F 0-2: Strikes out swinging
|
Batting: RHB Pat Bulger
|
0-0: Foul Ball, location: 2F 0-1: Ball 1-1: Ball 2-1: Ground out 5-3 (Groundball, 5, EV 84.4 MPH)
|
Batting: RHB John Chiesa
|
0-0: Ball 1-0: Ground out 4-3 (Groundball, 4M, EV 103.1 MPH)
|
Top of the 8th over - 0 runs, 0 hits, 0 errors, 0 left on base; Portland 7 - Montgomery 7 |
BOTTOM OF THE 8TH |
Montgomery Biscuits batting - Pitching for Portland Sea Dogs : LHP Taylor Sightler
|
Now at SS: Yoshiro Higuchi
|
|
Batting: LHB Jake Rheaume
|
0-0: Ball 1-0: SINGLE (Line Drive, 78S, EV 96.2 MPH)
|
Batting: SHB Brett McEwen
|
0-0: Ball 1-0: Called Strike 1-1: Called Strike 1-2: Foul Ball, location: 2F 1-2: Strikes out swinging
|
Batting: RHB Kevin Benfield
|
0-0: Ball 1-0: Ball 2-0: Called Strike 2-1: Swinging Strike 2-2: Fielders Choice at 2nd, 1-6 (Groundball, 34S, EV 71.2 MPH)
|
Batting: RHB Paul Landes
|
0-0: Ball 1-0: Ball 2-0: Ball 3-0: Called Strike 3-1: Base on Balls Kevin Benfield to second
|
Batting: SHB Ben Pierce
|
0-0: SINGLE (Popup, 6D, EV 45.6 MPH) Kevin Benfield to third Paul Landes to second Runner from 3rd tries for Home, SAFE, throw by SS to home
|
Batting: LHB Brian Hollinger
|
0-0: Swinging Strike 0-1: Fly out, F2 (Popup, 25F, EV 81.9 MPH)
|
Bottom of the 8th over - 1 run, 2 hits, 0 errors, 2 left on base; Portland 7 - Montgomery 8 |
TOP OF THE 9TH |
Portland Sea Dogs batting - Pitching for Montgomery Biscuits : RHP Miguel Romero
|
Pitching: RHP Nelson Dawson
|
|
Now at 1B: Mark Richert
|
|
Batting: LHB Jake Goddard
|
0-0: Ball 1-0: Ground out U3 (Groundball, 34, EV 106.9 MPH)
|
Batting: LHB Julian Toney
|
0-0: Called Strike 0-1: Called Strike 0-2: Ball 1-2: Strikes out looking
|
Pinch Hitting: LHB Parker Lowe
|
0-0: Called Strike 0-1: Swinging Strike 0-2: Ball 1-2: Ball 2-2: Ball 3-2: SINGLE (Groundball, 4D, EV 100.0 MPH)
|
Batting: LHB Mike Jones
|
0-0: Foul Ball, location: 2F 0-1: Ball 1-1: Fielders Choice at 2nd, 6-4 (Groundball, 4M, EV 102.5 MPH)
|
Top of the 9th over - 0 runs, 1 hit, 0 errors, 1 left on base; Portland 7 - Montgomery 8 |
|